 Dungeon Crawl Stone Soup version 0.29-a0-775-g4d7333d4e2 (webtiles) character file.

Game seed: 5259391781427053180

5409 Shayle the Covert (level 10, -9/63 HPs)
             Began as a Tengu Brigand on July 1, 2022.
             Was an Initiate of Ashenzari.
             Mangled by a komodo dragon (18 damage)
             ... on level 8 of the Dungeon.
             The game lasted 00:28:58 (9837 turns).

Shayle the Covert (Tengu Brigand)                   Turns: 9837, Time: 00:28:58

Health: -9/63      AC: 11    Str: 11    XL:     10   Next: 67%
Magic:  20/20      EV: 17    Int: 15    God:    Ashenzari [......]
Gold:   237        SH:  0    Dex: 17    Spells: 19/22 levels left

rFire   + . .      SeeInvis .   D - +4 spear of Crusades {spect, rN+}
rCold   . . .      Faith    .   (no shield)
rNeg    + . .      Spirit   .   q - +0 ring mail
rPois   .          Reflect  .   (helmet restricted)
rElec   .          Harm     .   c - +2 cloak
rCorr   .          Rampage  .   L - +2 pair of gloves
Will    +....                   (boots unavailable)
Stlth   ++++......              (no amulet)
HPRegen 0.20/turn               n - ring of Ashenzari's Stickiness {rF+, Melee, Comp} (curse)
MPRegen 0.17/turn               u - ring of willpower

@: flying quickly and evasively, quick
A: beak, talons 3, nimble flight
a: Renounce Religion, Shatter the Chains


You were on level 8 of the Dungeon.
You worshipped Ashenzari.
Ashenzari was noncommittal.
You visited 2 branches of the dungeon, and saw 9 of its levels.

You collected 454 gold pieces.
You spent 217 gold pieces at shops.

Inventory:

Hand Weapons
 a - a +2 dagger
 s - a +3 spear of venom
 y - a +2 whip of electrocution
 D - the +4 spear of Crusades (weapon) {spect, rN+}
   (You found it on level 4 of the Dungeon)

   When its wielder attacks, the weapon's spirit leaps out and strikes again.
   The spirit shares a part of any damage it takes with its wielder.
   rN:        It protects you from negative energy.
 H - a +3 hand axe of flaming
Missiles
 d - 24 poisoned darts (quivered)
 e - 3 curare-tipped darts
Armour
 b - a +0 robe
 c - a +2 cloak (worn)
 q - a +0 ring mail (worn)
 x - a +4 ring mail
 L - a +2 pair of gloves (worn)
Jewellery
 i - a ring of ice
 n - the cursed ring of Ashenzari's Stickiness (left hand) {rF+, Melee, Comp}
   (You found it on level 1 of the Dungeon)

   [ring of protection from fire]

   rF:        It protects you from fire.
   It has a curse which improves the following skills: Melee Combat: Short
   Blades, Long Blades, Axes, Maces & Flails, Polearms, Staves and Unarmed
   Combat.
   Companions: Summonings and Necromancy.
 u - a ring of willpower (right hand)
 z - a ring of flight
 F - a ring of willpower
 G - an amulet of faith
 P - a ring of willpower
Wands
 R - a wand of iceblast (15)
Scrolls
 f - 3 scrolls of enchant armour
 h - 6 scrolls of poison
 l - 6 scrolls of teleportation
 o - 2 scrolls of noise
 r - a scroll of enchant weapon
 w - 2 scrolls of fog
 C - a scroll of vulnerability
 I - 2 scrolls of summoning
Potions
 g - 2 potions of degeneration
 j - 4 potions of heal wounds
 k - a potion of might {unknown}
 m - 3 potions of ambrosia
 p - 3 potions of cancellation
 t - 2 potions of haste
 v - 5 potions of curing
 A - 2 potions of flight
 J - a potion of attraction {unknown}
 N - 3 potions of brilliance {unknown}
 O - a potion of resistance
 Q - a potion of magic {unknown}
 S - a potion of mutation {unknown}


   Skills:
 + Level 7.5 Fighting
 - Level 2.1(2.5) Short Blades
 - Level 2.0 Throwing
 + Level 8.1 Dodging
 + Level 9.0 Stealth
 + Level 6.5 Spellcasting
 + Level 4.7 Conjurations
 + Level 2.5 Earth Magic


You had 19 spell levels left.
You knew the following spells:

 Your Spells              Type           Power      Damage    Failure   Level
a - Stone Arrow           Conj/Erth      30%        3d8       22%         3

Your spell library contained the following spells:

 Spells                   Type           Power      Damage    Failure   Level
 Sandblast                Erth           24%        2d8       12%         1
 Passwall                 Tmut/Erth      6%         N/A       30%         2
 Necrotize                Necr           20%        1d5       32%         1
 Summon Small Mammal      Summ           20%        N/A       32%         1
 Apportation              Tloc           8%         N/A       34%         1
 Beastly Appendage        Tmut           8%         N/A       34%         1
 Wereblood                Tmut           4%         N/A       45%         2
 Spider Form              Tmut/Pois      4%         N/A       71%         3
 Tukima's Dance           Hex            4%         N/A       71%         3
 Fulminant Prism          Conj/Hex       5%         3d7       78%         4
 Iskenderun's Mystic Bla  Conj/Tloc      11%        2d4       78%         4
 Animate Armour           Summ/Erth      16%        N/A       90%         4
 Passage of Golubria      Tloc           4%         N/A       98%         4
 Lee's Rapid Deconstruct  Erth           6%         3d7*      98%         5
 Blade Hands              Tmut           2%         N/A       100%        5
 Yara's Violent Unravell  Hex/Tmut       2%         3d3       100%        5
 Iron Shot                Conj/Erth      7%         9d2       100%        6


Dungeon Overview and Level Annotations

Branches:
Dungeon (8/15)             Temple (1/1) D:4
   Lair: D:8-11

Altars:
Ashenzari
Cheibriados
Dithmenos
Elyvilon
Fedhas
Gozag
Hepliaklqana
Kikubaaqudgha
Makhleb
Nemelex Xobeh
Okawaru
Qazlal
Ru
Sif Muna
Trog
Uskayaw
Wu Jian
Yredelemnul
Zin
The Shining One

Shops:
D:4 (   D:5 [


Innate Abilities, Weirdness & Mutations

You have a beak for a mouth.
You have claws for feet.
Your magical nature lets you fly swiftly and evasively.


Message History

You start resting.
A komodo dragon is nearby!
Items here: ) [[ ÷.
You hit the komodo dragon.
The komodo dragon is lightly wounded.
Your +4 spear of Crusades {spect, rN+} hits the komodo dragon from afar.
The komodo dragon bites you!
You hit the komodo dragon. You claw the komodo dragon.
The komodo dragon is moderately wounded.
Your +4 spear of Crusades {spect, rN+} hits the komodo dragon from afar.
The komodo dragon completely misses you.
The komodo dragon bites you!
* * * LOW HITPOINT WARNING * * *
You hit the komodo dragon but do no damage.
The komodo dragon is heavily wounded.
Your +4 spear of Crusades {spect, rN+} closely misses the komodo dragon.
The komodo dragon bites you!
* * * LOW HITPOINT WARNING * * *
Unknown command.
You feel much better. The komodo dragon bites you!!
* * * LOW HITPOINT WARNING * * *
Aiming: Paralyse
Press: ? - help, Shift-Dir - straight line, f - komodo dragon
Aim: a komodo dragon (heavily wounded, chance to affect: 31%)
Okay, then.
Okay, then.
Aiming: Paralyse
Press: ? - help, Shift-Dir - straight line, f - komodo dragon
Aim: a komodo dragon (heavily wounded, chance to affect: 31%)
The komodo dragon easily resists.
The komodo dragon misses you.
Aiming: Paralyse
Press: ? - help, Shift-Dir - straight line, f/p - komodo dragon
Aim: a komodo dragon (heavily wounded, chance to affect: 31%)
The komodo dragon easily resists.
The komodo dragon closely misses you.
Aiming: Paralyse
Press: ? - help, Shift-Dir - straight line, f/p - komodo dragon
Aim: a komodo dragon (blue smoke, heavily wounded, chance to affect: 31%)
The komodo dragon easily resists.
The now-empty wand crumbles to dust.
The komodo dragon bites you!!
You die...

#..# ..# #..# #+#
#..## #..# #.#
#....#
#..###.###.# .#
##l†.†......##.#
#....##........#
#.#####........#
##.#####..)..l..#
.......†.))§@..>#
..########.##.###
..Y #....).##.####
....
#....).##....#
..Y..
#......#####.#
#.(....# #.#
#......### #.#
#P.S.YY.#........#
#.#
#SP.PPY.#####..#.#
#.#


You could see a komodo dragon.

Vanquished Creatures
  A two-headed ogre (D:6)
  Pikel (D:8)
  A komodo dragon (D:8)
  5 yaks (D:8)
  Menkaure (D:5)
  Duvessa (D:5)
  2 water moccasins (D:8)
  A black bear (D:6)
  An ice beast (D:6)
  An orc warrior (D:7)
  4 sky beasts
  3 ogres (D:5)
  A centaur (D:7)
  2 phantoms
  2 bullfrogs (D:8)
  3 necrophages
  A gnoll sergeant (D:8)
  A scorpion (D:4)
  Dowan (D:5)
  4 killer bees (D:4)
  4 howler monkeys (D:7)
  3 hounds
  4 orc priests
  A bouda (D:4)
  2 jellies
  4 iguanas
  6 orc wizards
  10 adders
  17 gnolls
  2 ufetubi
  4 worms
  A dart slug (D:3)
  24 orcs
  13 ball pythons
  4 bats
  4 endoplasms
  5 giant cockroaches
  11 goblins
  10 hobgoblins
  9 jackals
  2 quokkas (D:3)
  5 frilled lizards
  7 kobolds
  13 rats
202 creatures vanquished.

Vanquished Creatures (collateral kills)
  2 orc priests (D:7)
2 creatures vanquished.

Vanquished Creatures (others)
  An orc wizard (D:3)
  12 fungi (D:8)
  21 plants (D:8)
34 creatures vanquished.

Grand Total: 238 creatures vanquished

Notes
Turn   | Place    | Note
-------+----------+-------------------------------------------
     0 | D:1      | Shayle the Tengu Brigand began the quest for the Orb.
     0 | D:1      | Reached XP level 1. HP: 12/12 MP: 2/2
   172 | D:1      | Found a faded altar of an unknown god.
   218 | D:1      | Reached XP level 2. HP: 10/17 MP: 3/3
   920 | D:1      | Reached skill level 1 in Spellcasting
   980 | D:1      | Reached XP level 3. HP: 18/22 MP: 5/5
  2441 | D:3      | Reached XP level 4. HP: 27/27 MP: 7/7
  2631 | D:3      | Gained mutation: Your magical nature lets you fly swiftly
                  | and evasively. [Tengu growth]
  2631 | D:3      | Reached XP level 5. HP: 25/32 MP: 8/8
  2859 | D:3      | Reached skill level 5 in Stealth
  3122 | D:3      | Found a white marble altar of Elyvilon.
  3122 | D:3      | Found an iron altar of Okawaru.
  3211 | D:3      | Found a glowing golden altar of the Shining One.
  3214 | D:3      | Found a sacrificial altar of Ru.
  3216 | D:3      | Found an ancient bone altar of Kikubaaqudgha.
  3220 | D:3      | Found a basalt altar of Yredelemnul.
  3310 | D:3      | Reached XP level 6. HP: 37/37 MP: 10/10
  3398 | D:3      | Found a shimmering blue altar of Sif Muna.
  3927 | D:4      | Identified the +4 spear of Crusades {spect, rN+}
  4055 | D:4      | Found Huepizur's Weapon Emporium.
  4353 | D:4      | Reached XP level 7. HP: 38/42 MP: 12/12
  4654 | D:4      | Reached skill level 6 in Stealth
  4737 | D:4      | Found a staircase to the Ecumenical Temple.
  4743 | Temple   | Entered the Ecumenical Temple
  5623 | D:5      | Entered Level 5 of the Dungeon
  5652 | D:5      | Found Rahaarch's Antique Armour Emporium.
  5655 | D:5      | Bought a pair of embroidered gloves for 217 gold pieces
  5698 | D:5      | Reached XP level 8. HP: 48/48 MP: 14/14
  5966 | D:5      | Noticed Duvessa
  5966 | D:5      | Noticed Dowan
  6023 | D:5      | Killed Duvessa
  6024 | D:5      | Reached skill level 5 in Dodging
  6027 | D:5      | Killed Dowan
  6028 | D:5      | Reached skill level 5 in Fighting
  6496 | D:5      | Noticed Menkaure
  6505 | D:5      | Killed Menkaure
  6631 | D:5      | Reached skill level 7 in Stealth
  7075 | D:6      | Found a sparkling altar of Nemelex Xobeh.
  7106 | D:6      | Reached XP level 9. HP: 55/55 MP: 17/17
  7135 | D:6      | Reached skill level 5 in Spellcasting
  7258 | D:6      | Noticed a two-headed ogre
  7275 | D:6      | Killed a two-headed ogre
  7276 | D:6      | Reached skill level 8 in Stealth
  7297 | D:6      | Learned a level 3 spell: Stone Arrow
  7752 | D:7      | Reached skill level 1 in Conjurations
  7786 | D:7      | Reached skill level 1 in Earth Magic
  7987 | D:7      | Found a broken altar of Ashenzari.
  8002 | D:7      | Became a worshipper of Ashenzari the Shackled
  8376 | D:7      | Reached XP level 10. HP: 34/61 MP: 18/20
  9441 | D:8      | Noticed Pikel
  9454 | D:8      | Killed Pikel
  9733 | D:8      | Reached skill level 9 in Stealth
  9837 | D:8      | Mangled by a komodo dragon

Illustrated notes

Levels and vault maps discovered:
D:1:      dpeg_arrival_orchard, layout_basic,
          chequers_ecumenical_altar_simple_redux, minmay_rat_gold_closets
D:2:      layout_loops_cross
D:3:      layout_basic, lemuel_blue_sif_altar,
          nicolae_overflow_hallway_of_the_gods, st_stairs_3,
          minmay_joined_circles
D:4:      layout_basic, minmay_temple_entry_fiery, serial_shops,
          nicolae_shop_bloodbath_and_beyond, lemuel_flame_loot_1
D:5:      layout_basic, serial_shops, nicolae_shop_behind_doors,
          kennysheep_generic_room_6, uniq_duvessa, uniq_menkaure
D:6:      lemuel_ice_spiral_2, layout_basic, nemelex_altar_shiori,
          nrook_loot_triangle
D:7:      layout_layer_cave, ashenzari_altar_1, grunt_ministairs_7
D:8:      layout_basic, lemuel_doored_altar, grunt_lair_entry_orc_guard_hut,
          uniq_pikel
Temple:   minmay_freezing_vapour_temple

Skill      XL: |  1  2  3  4  5  6  7  8  9 10 |
---------------+-------------------------------+-----
Spellcasting   | 1 2 3 4 6 |  6.5
Dodging        | 2 3 4 6 7 8 |  8.1
Fighting       | 3 4 5 6 7 |  7.5
Stealth        | 5 6 7 8 9 |  9.0
Conjurations   | 2 4 |  4.7
Earth Magic    | 1 2 |  2.5
Short Blades   | |  2.1
Throwing       | |  2.0

Action                   |  1- 3 |  4- 6 |  7- 9 | 10-12 || total
-------------------------+-------+-------+-------+-------++-------
Melee: Dagger            |    94 |       |       |       ||    94
       Peck              |    16 |    14 |    26 |    13 ||    69
       Kick              |    23 |    26 |    55 |    26 ||   130
       Punch             |     2 |       |     1 |       ||     3
       Spear             |    20 |   120 |   165 |    75 ||   380
Throw: Dart              |     7 |     1 |    10 |       ||    18
Invok: Curse Item        |       |       |       |     1 ||     1
Evoke: Wand              |       |       |     1 |     5 ||     6
  Use: Scroll            |       |     5 |    18 |       ||    23
       Potion            |       |     3 |     1 |     2 ||     6
 Stab: Sleeping          |     9 |     4 |    13 |     1 ||    27
       Paralysed         |       |       |     3 |     4 ||     7
       Distracted        |       |       |     3 |     1 ||     4
Armor: Robe              |    15 |       |       |       ||    15
       Ring mail         |    11 |    34 |    40 |    22 ||   107
Dodge: Dodged            |    60 |    65 |    89 |    74 ||   288

Table legend: (Time is in decaauts)
 A = Elapsed time spent in this place.
 B = Non-inter-level travel time spent in this place.
 C = Inter-level travel time spent in this place.
 D = Time resting spent in this place.
 E = Time spent auto-exploring this place.
 F = Levels seen in this place.
 G = Mean time per level.
                   A        B        C        D        E       F      G
               +--------+--------+--------+--------+--------+-----+--------+
         Total |   9441 |   9095 |    346 |   1859 |   5097 |   9 | 1049.0 |
       Dungeon |   9427 |   9081 |    346 |   1859 |   5088 |   8 | 1178.4 |
        Temple |     14 |     14 |      0 |      0 |      9 |   1 |   14.0 |
               +--------+--------+--------+--------+--------+-----+--------+

Top non-repeatable levels by time:
     D:3: 1563 daAuts
     D:4: 1551 daAuts
     D:7: 1438 daAuts
     D:1: 1424 daAuts
     D:5: 1197 daAuts
     D:2: 936 daAuts
     D:6: 704 daAuts
     D:8: 609 daAuts
  Temple: 14 daAuts
